| TOP OF THE 1ST |
|
Peoria Chiefs batting - Pitching for Wisconsin Timber Rattlers : RHP Mike Ellinwood
|
|
Pitching: RHP Mike Ellinwood
|
|
|
Batting: RHB Fekadu Alhaadi
|
0-0: Ball 1-0: Ground out 6-3 (Groundball, 6, EV 86.9 MPH)
|
|
Batting: RHB Kalidas Mishra
|
0-0: Ball 1-0: Ball 2-0: SINGLE (Groundball, 23, EV 66.2 MPH) (infield hit)
|
|
Batting: RHB Joe Alley
|
0-0: Ball 1-0: Foul Ball, location: 2F 1-1: Called Strike Kalidas Mishra is caught stealing 2nd base 2-4 1-2: Ball 2-2: Foul Ball, location: 2F 2-2: Foul Ball, location: 2F 2-2: Ball 3-2: Strikes out looking
|
| Top of the 1st over - 0 runs, 1 hit, 0 errors, 0 left on base; Peoria 0 - Wisconsin 0 |
| BOTTOM OF THE 1ST |
|
Wisconsin Timber Rattlers batting - Pitching for Peoria Chiefs : RHP Tony Casey
|
|
Pitching: RHP Tony Casey
|
|
|
Batting: RHB Chris Maul
|
0-0: Ball 1-0: Foul Ball, location: 2F 1-1: Swinging Strike 1-2: Ball 2-2: Strikes out swinging
|
|
Batting: SHB Aaron Neill
|
0-0: Ball 1-0: Fly out, F4 (Line Drive, 34, EV 82.5 MPH)
|
|
Batting: LHB Karel Hort
|
0-0: Ball 1-0: Ball 2-0: Called Strike 2-1: SINGLE (Flyball, 5D, EV 87.5 MPH)
|
|
Batting: SHB Sam Bingham
|
0-0: Called Strike 0-1: Ball 1-1: Called Strike 1-2: Strikes out swinging
|
| Bottom of the 1st over - 0 runs, 1 hit, 0 errors, 1 left on base; Peoria 0 - Wisconsin 0 |
| TOP OF THE 2ND |
|
Peoria Chiefs batting - Pitching for Wisconsin Timber Rattlers : RHP Mike Ellinwood
|
|
Batting: LHB Travis Ruppel
|
0-0: Fly out, F7 (Flyball, 7S, EV 84.4 MPH)
|
|
Batting: RHB Tim Jobe
|
0-0: Called Strike 0-1: Ball 1-1: Foul Ball, location: 2F 1-2: Ball 2-2: Foul Ball, location: 2F 2-2: DOUBLE (Line Drive, 9LS, EV 109.4 MPH)
|
|
Batting: RHB Jonathan Davis
|
0-0: Fly out, F6 (Line Drive, 6, EV 70.6 MPH)
|
|
Batting: LHB Jorge Zarazua
|
0-0: Ball 1-0: Ball Wild Pitch! Tim Jobe to third 2-0: Called Strike 2-1: Ground out U3 (Groundball, 3, EV 84.4 MPH)
|
| Top of the 2nd over - 0 runs, 1 hit, 0 errors, 1 left on base; Peoria 0 - Wisconsin 0 |
| BOTTOM OF THE 2ND |
|
Wisconsin Timber Rattlers batting - Pitching for Peoria Chiefs : RHP Tony Casey
|
|
Batting: LHB Umar Matoub
|
0-0: Ball 1-0: Ball 2-0: Ball 3-0: Called Strike 3-1: Ground out U3 (Groundball, 3S, EV 65.0 MPH)
|
|
Batting: SHB Robert Sayer
|
0-0: SINGLE (Groundball, 34D, EV 95.0 MPH)
|
|
Batting: RHB Chris Fruit
|
0-0: Called Strike 0-1: Ball 1-1: Foul Ball, location: 2F 1-2: Ball 2-2: Strikes out swinging
|
|
Batting: RHB Wiliama Dana
|
0-0: Ball 1-0: Called Strike 1-1: Ball 2-1: Fielders Choice at 2nd, 5-4 (Groundball, 5, EV 109.4 MPH)
|
| Bottom of the 2nd over - 0 runs, 1 hit, 0 errors, 1 left on base; Peoria 0 - Wisconsin 0 |
| TOP OF THE 3RD |
|
Peoria Chiefs batting - Pitching for Wisconsin Timber Rattlers : RHP Mike Ellinwood
|
|
Batting: RHB Pat Scaturro
|
0-0: Foul Ball, location: 2F 0-1: Ball 1-1: Called Strike 1-2: Ball 2-2: Foul Ball, location: 2F 2-2: Foul Ball, location: 2F 2-2: Foul Ball, location: 2F 2-2: Foul Ball, location: 2F 2-2: Foul Ball, location: 2F 2-2: Ball 3-2: SINGLE (Line Drive, 8LS, EV 90.0 MPH)
|
|
Batting: RHB Tim Cleary
|
0-0: Foul Ball, location: 2F 0-1: Swinging Strike 0-2: Ball 1-2: Foul Ball, location: 2F 1-2: Ball 2-2: Foul Ball, location: 2F 2-2: Grounds into double play, 1-6-3 (Groundball, 13S, EV 71.9 MPH)
|
|
Batting: RHB Fekadu Alhaadi
|
0-0: Foul Ball, location: 2F 0-1: Fly out, F7 (Line Drive, 78M, EV 108.8 MPH)
|
| Top of the 3rd over - 0 runs, 1 hit, 0 errors, 0 left on base; Peoria 0 - Wisconsin 0 |
| BOTTOM OF THE 3RD |
|
Wisconsin Timber Rattlers batting - Pitching for Peoria Chiefs : RHP Tony Casey
|
|
Batting: LHB Paul Collins
|
0-0: Ball 1-0: Ball 2-0: Foul Ball, location: 2F 2-1: SINGLE (Groundball, 4S, EV 66.2 MPH) (infield hit)
|
|
Batting: RHB Chris Maul
|
0-0: Fly out, F8 (Flyball, 8LD, EV 79.4 MPH)
|
|
Batting: SHB Aaron Neill
|
0-0: Fly out, F5 (Line Drive, 5L, EV 65.6 MPH) Lined into DP, 5-3 (Line Drive, 5L, EV 63.1 MPH)
|
| Bottom of the 3rd over - 0 runs, 1 hit, 0 errors, 0 left on base; Peoria 0 - Wisconsin 0 |
| TOP OF THE 4TH |
|
Peoria Chiefs batting - Pitching for Wisconsin Timber Rattlers : RHP Mike Ellinwood
|
|
Batting: RHB Kalidas Mishra
|
0-0: Fly out, F9 (Flyball, 9, EV 80.6 MPH)
|
|
Batting: RHB Joe Alley
|
0-0: Swinging Strike 0-1: Fly out, F7 (Line Drive, 7S, EV 105.0 MPH)
|
|
Batting: LHB Travis Ruppel
|
0-0: Foul Ball, location: 2F 0-1: Called Strike 0-2: Ball 1-2: Foul Ball, location: 2F 1-2: Ball 2-2: Ground out U3 (Groundball, 34, EV 106.9 MPH)
|
| Top of the 4th over - 0 runs, 0 hits, 0 errors, 0 left on base; Peoria 0 - Wisconsin 0 |
| BOTTOM OF THE 4TH |
|
Wisconsin Timber Rattlers batting - Pitching for Peoria Chiefs : RHP Tony Casey
|
|
Batting: LHB Karel Hort
|
0-0: Ball 1-0: Foul Ball, location: 2F 1-1: Called Strike 1-2: Foul Ball, location: 2F 1-2: Foul Ball, location: 2F 1-2: Strikes out swinging
|
|
Batting: SHB Sam Bingham
|
0-0: Ball 1-0: Foul Ball, location: 2F 1-1: Foul Ball, location: 2F 1-2: Foul Ball, location: 2F 1-2: Foul Ball, location: 2F 1-2: Strikes out swinging
|
|
Batting: LHB Umar Matoub
|
0-0: Called Strike 0-1: Foul Ball, location: 2F 0-2: Foul Ball, location: 2F 0-2: Strikes out swinging
|
| Bottom of the 4th over - 0 runs, 0 hits, 0 errors, 0 left on base; Peoria 0 - Wisconsin 0 |
| TOP OF THE 5TH |
|
Peoria Chiefs batting - Pitching for Wisconsin Timber Rattlers : RHP Mike Ellinwood
|
|
Batting: RHB Tim Jobe
|
0-0: Ball 1-0: Ball 2-0: TRIPLE (Line Drive, 7D, EV 100.0 MPH)
|
|
Batting: RHB Jonathan Davis
|
0-0: SINGLE (Line Drive, 4MD, EV 101.9 MPH) Tim Jobe scores
|
|
Batting: LHB Jorge Zarazua
|
0-0: Swinging Strike 0-1: Ball 1-1: SINGLE (Groundball, 34, EV 103.8 MPH) Jonathan Davis to second Runner from 2nd tries for 3rd, SAFE, throw by RF made to third
|
|
Batting: RHB Pat Scaturro
|
0-0: Ground out 6-3 (Groundball, 6MS, EV 90.6 MPH) Jonathan Davis scores Jorge Zarazua to second
|
|
Batting: RHB Tim Cleary
|
0-0: Called Strike 0-1: Ball 1-1: Ball 2-1: Ball 3-1: Swinging Strike 3-2: DOUBLE (Flyball, 78D, EV 109.4 MPH) Jorge Zarazua scores
|
|
Batting: RHB Fekadu Alhaadi
|
0-0: Ball 1-0: Ball 2-0: Ground out 5-3 (Groundball, 5, EV 108.1 MPH)
|
|
Batting: RHB Kalidas Mishra
|
0-0: Called Strike 0-1: Foul Ball, location: 2F 0-2: Strikes out swinging
|
| Top of the 5th over - 3 runs, 4 hits, 0 errors, 1 left on base; Peoria 3 - Wisconsin 0 |
| BOTTOM OF THE 5TH |
|
Wisconsin Timber Rattlers batting - Pitching for Peoria Chiefs : RHP Tony Casey
|
|
Batting: SHB Robert Sayer
|
0-0: Called Strike 0-1: Ball 1-1: Swinging Strike 1-2: Strikes out swinging
|
|
Batting: RHB Chris Fruit
|
0-0: Ball 1-0: Called Strike 1-1: Ball 2-1: Ground out 6-3 (Groundball, 6, EV 104.4 MPH)
|
|
Batting: RHB Wiliama Dana
|
0-0: Called Strike 0-1: Foul Ball, location: 2F 0-2: Ball 1-2: Ball 2-2: Strikes out looking
|
| Bottom of the 5th over - 0 runs, 0 hits, 0 errors, 0 left on base; Peoria 3 - Wisconsin 0 |
| TOP OF THE 6TH |
|
Peoria Chiefs batting - Pitching for Wisconsin Timber Rattlers : RHP Mike Ellinwood
|
|
Batting: RHB Joe Alley
|
0-0: Called Strike 0-1: Foul Ball, location: 2F 0-2: Ball 1-2: Strikes out looking
|
|
Batting: LHB Travis Ruppel
|
0-0: Ball 1-0: Fly out, F7 (Flyball, 78XD, EV 91.2 MPH)
|
|
Batting: RHB Tim Jobe
|
0-0: Called Strike 0-1: Called Strike 0-2: Ball 1-2: Ball 2-2: Ground out U3 (Groundball, 34, EV 99.4 MPH)
|
| Top of the 6th over - 0 runs, 0 hits, 0 errors, 0 left on base; Peoria 3 - Wisconsin 0 |
| BOTTOM OF THE 6TH |
|
Wisconsin Timber Rattlers batting - Pitching for Peoria Chiefs : RHP Tony Casey
|
|
Batting: LHB Paul Collins
|
0-0: Called Strike 0-1: Foul Ball, location: 2F 0-2: Ball 1-2: Strikes out swinging
|
|
Batting: RHB Chris Maul
|
0-0: Called Strike 0-1: SINGLE (Groundball, 56D, EV 106.9 MPH)
|
|
Batting: SHB Aaron Neill
|
0-0: Ground out 6-3 (Groundball, 6M, EV 98.8 MPH) Chris Maul to second
|
|
Batting: LHB Karel Hort
|
0-0: Ball 1-0: Ball 2-0: Called Strike 2-1: SINGLE (Line Drive, 89M, EV 95.0 MPH) Chris Maul to third Runner from 3rd tries for Home, SAFE, throw by RF to home Karel Hort to second
|
|
Batting: SHB Sam Bingham
|
0-0: Ball 1-0: Called Strike 1-1: Ball 2-1: Ball 3-1: Called Strike 3-2: Base on Balls
|
|
Batting: LHB Umar Matoub
|
0-0: Ball 1-0: Called Strike 1-1: Ball 2-1: Swinging Strike 2-2: Ground out 4-3 (Groundball, 4M, EV 86.9 MPH)
|
| Bottom of the 6th over - 1 run, 2 hits, 0 errors, 2 left on base; Peoria 3 - Wisconsin 1 |
| TOP OF THE 7TH |
|
Peoria Chiefs batting - Pitching for Wisconsin Timber Rattlers : RHP Mike Ellinwood
|
|
Batting: RHB Jonathan Davis
|
0-0: Ball 1-0: Foul Ball, location: 2F 1-1: Foul Ball, location: 2F 1-2: Ball 2-2: Fly out, F7 (Flyball, 7, EV 88.1 MPH)
|
|
Batting: LHB Jorge Zarazua
|
0-0: Ball 1-0: Foul Ball, location: 2F 1-1: Foul Ball, location: 2F 1-2: Foul Ball, location: 2F 1-2: Strikes out swinging
|
|
Batting: RHB Pat Scaturro
|
0-0: Called Strike 0-1: Ball 1-1: Foul Ball, location: 2F 1-2: SINGLE (Flyball, 56D, EV 88.1 MPH)
|
|
Batting: RHB Tim Cleary
|
0-0: Ball 1-0: Called Strike 1-1: Ball 2-1: Foul Ball, location: 2F 2-2: Ball 3-2: Fly out, F9 (Flyball, 9S, EV 85.6 MPH)
|
| Top of the 7th over - 0 runs, 1 hit, 0 errors, 1 left on base; Peoria 3 - Wisconsin 1 |
| BOTTOM OF THE 7TH |
|
Wisconsin Timber Rattlers batting - Pitching for Peoria Chiefs : RHP Tony Casey
|
|
Batting: SHB Robert Sayer
|
0-0: Ground out 4-3 (Groundball, 4M, EV 77.5 MPH)
|
|
Batting: RHB Chris Fruit
|
0-0: Ball 1-0: Called Strike 1-1: Swinging Strike 1-2: Ball 2-2: Strikes out swinging
|
|
Batting: RHB Wiliama Dana
|
0-0: Ball 1-0: Called Strike 1-1: Foul Ball, location: 2F 1-2: Foul Ball, location: 2F 1-2: Ground out 6-3 (Groundball, 6, EV 83.1 MPH)
|
| Bottom of the 7th over - 0 runs, 0 hits, 0 errors, 0 left on base; Peoria 3 - Wisconsin 1 |
| TOP OF THE 8TH |
|
Peoria Chiefs batting - Pitching for Wisconsin Timber Rattlers : RHP Mike Ellinwood
|
|
Batting: RHB Fekadu Alhaadi
|
0-0: Ball 1-0: Swinging Strike 1-1: Ball 2-1: Foul Ball, location: 2F 2-2: Ball 3-2: Strikes out swinging
|
|
Pitching: RHP Settan Suzuki
|
|
|
Batting: RHB Kalidas Mishra
|
0-0: Ball 1-0: Ball 2-0: Foul Ball, location: 2F 2-1: Ball 3-1: Swinging Strike 3-2: Fly out, F9 (Line Drive, 89M, EV 93.8 MPH)
|
|
Batting: RHB Joe Alley
|
0-0: Ball 1-0: Ball 2-0: Called Strike 2-1: Ball 3-1: Foul Ball, location: 2F 3-2: Foul Ball, location: 2F 3-2: Foul Ball, location: 2F 3-2: Foul Ball, location: 2F 3-2: Base on Balls
|
|
Batting: LHB Travis Ruppel
|
0-0: Ball 1-0: Called Strike 1-1: Swinging Strike 1-2: Ball 2-2: Foul Ball, location: 2F 2-2: Ball 3-2: Foul Ball, location: 2F 3-2: Base on Balls Joe Alley to second
|
|
Batting: RHB Tim Jobe
|
0-0: Ball 1-0: Ball 2-0: Foul Ball, location: 2F 2-1: Fly out, F2 (Popup, 13S, EV 84.4 MPH)
|
| Top of the 8th over - 0 runs, 0 hits, 0 errors, 2 left on base; Peoria 3 - Wisconsin 1 |
| BOTTOM OF THE 8TH |
|
Wisconsin Timber Rattlers batting - Pitching for Peoria Chiefs : RHP Tony Casey
|
|
Batting: LHB Paul Collins
|
0-0: Called Strike 0-1: SINGLE (Line Drive, 9S, EV 103.8 MPH)
|
|
Batting: RHB Chris Maul
|
0-0: Called Strike 0-1: Swinging Strike 0-2: Ball 1-2: Ball 2-2: Foul Ball, location: 2F 2-2: Ball 3-2: Base on Balls Paul Collins to second
|
|
Pitching: RHP Eric Hudson
|
|
|
Batting: SHB Aaron Neill
|
0-0: Sac Bunt to 13 - play at first, batter OUT! 1-3 Paul Collins to third Chris Maul to second
|
|
Batting: LHB Karel Hort
|
0-0: Swinging Strike 0-1: Foul Ball, location: 2F 0-2: Ball 1-2: Strikes out looking
|
|
Batting: SHB Sam Bingham
|
0-0: Ball 1-0: Ball 2-0: Ball 3-0: Fly out, F9 (Flyball, 89M, EV 88.1 MPH)
|
| Bottom of the 8th over - 0 runs, 1 hit, 0 errors, 2 left on base; Peoria 3 - Wisconsin 1 |
| TOP OF THE 9TH |
|
Peoria Chiefs batting - Pitching for Wisconsin Timber Rattlers : RHP Settan Suzuki
|
|
Pitching: RHP Eric Fragoso
|
|
|
Batting: RHB Jonathan Davis
|
0-0: Ground out U3 (Groundball, 34, EV 86.9 MPH)
|
|
Batting: LHB Jorge Zarazua
|
0-0: Fly out, F9 (Flyball, 89M, EV 84.4 MPH)
|
|
Batting: RHB Pat Scaturro
|
0-0: Ball 1-0: Foul Ball, location: 2F 1-1: Foul Ball, location: 2F 1-2: SINGLE (Groundball, 6MD, EV 104.4 MPH)
|
|
Batting: RHB Tim Cleary
|
0-0: Ball Wild Pitch! Pat Scaturro to second 1-0: Ball 2-0: Foul Ball, location: 2F 2-1: Foul Ball, location: 2F 2-2: Ground out 2-3 (Groundball, 2R, EV 64.4 MPH)
|
| Top of the 9th over - 0 runs, 1 hit, 0 errors, 1 left on base; Peoria 3 - Wisconsin 1 |
| BOTTOM OF THE 9TH |
|
Wisconsin Timber Rattlers batting - Pitching for Peoria Chiefs : RHP Eric Hudson
|
|
Batting: LHB Umar Matoub
|
0-0: Called Strike 0-1: Ball 1-1: Foul Ball, location: 2F 1-2: Ball 2-2: Foul Ball, location: 2F 2-2: Strikes out swinging
|
|
Batting: SHB Robert Sayer
|
0-0: Ball 1-0: Ball 2-0: Ground out 4-3 (Groundball, 4, EV 105.6 MPH)
|
|
Batting: RHB Chris Fruit
|
0-0: Called Strike 0-1: Swinging Strike 0-2: Ball 1-2: Strikes out swinging
|
| Bottom of the 9th over - 0 runs, 0 hits, 0 errors, 0 left on base; Peoria 3 - Wisconsin 1 |
|